 Dungeon Crawl Stone Soup version 0.20-a0-871-g785f14b (webtiles) character file.

15 4thArraOfDagon the Vexing (level 2, -1/19 HPs)
             Began as a Demonspawn Wanderer on Mar 14, 2017.
             Slain by Pikel
             ... wielding a +1 whip of flaming
              (2 damage)
             ... on level 4 of the Dungeon.
             The game lasted 00:02:40 (536 turns).

4thArraOfDagon the Vexing (Demonspawn Wanderer)      Turns: 536, Time: 00:02:41

Health: -1/19      AC:  4    Str: 13    XL:     2   Next: 34%
Magic:  3/3        EV: 11    Int: 14    God:
Gold:   31         SH:  0    Dex: 10    Spells: 3/3 levels left

rFire    . . .     SeeInvis .     - Unarmed
rCold    . . .     Gourm    .   c - +0 robe
rNeg     . . .     Faith    .   (no shield)
rPois    .         Spirit   .   (no helmet)
rElec    .         Reflect  .   (no cloak)
rCorr    .         Harm     .   (no gloves)
MR       .....                  (no boots)
Stlth    +.........             (no amulet)
Regen    0.1/turn               (no ring)
MPRegen  0.1/turn               (no ring)

@: about to teleport
A: iridescent scales 1
a: no special abilities


You were on level 4 of the Dungeon.
You were not hungry.

You visited 1 branch of the dungeon, and saw 4 of its levels.

You collected 31 gold pieces.

Inventory:

Hand Weapons
 d - a +0 club
Missiles
 i - 2 javelins (quivered)
Armour
 c - a +0 robe (worn)
Wands
 e - a wand of lightning (15/15)
Scrolls
 g - a scroll of teleportation
 j - a scroll of identify
Books
 a - a book of Conjurations

   Spells                             Type                      Level
   a - Magic Dart                     Conjuration                  1
   b - Searing Ray                    Conjuration                  2
   c - Dazzling Spray                 Conjuration/Hexes            3
   d - Fulminant Prism                Conjuration/Hexes            4
   e - Force Lance                    Conjuration/Translocation    4
   f - Iskenderun's Mystic Blast      Conjuration                  4
 b - the Volume of Augmentations

   Spells                             Type                      Level
   a - Swiftness                      Charms/Air                   2
   b - Song of Slaying                Charms                       2
Comestibles
 f - 2 bread rations


   Skills:
   Level 2.6 Bows
 - Level 1.0 Throwing
   Level 1.0 Shields
 * Level 1.8 Unarmed Combat
 - Level 1.0 Spellcasting
   Level 1.0 Conjurations
   Level 3.0 Hexes


You had 3 spell levels left.
You didn't know any spells.

Dungeon Overview and Level Annotations

Branches:
Dungeon (4/15)
 Temple: D:4-7

Altars:

Annotations:
D:4 Pikel


Innate Abilities, Weirdness & Mutations

You are partially covered in iridescent scales. (AC +2)


Message History

It is a scroll of recharging.
Charge which item? (? for menu, Esc to quit)
Your wand of lightning (?/15) glows for a moment.
The dart slug launches a dart at you. The slug dart misses you.
As you read the scroll labeled ULA VODDEHUNWECH, it crumbles to dust.
It is a scroll of identify.
e - a wand of lightning (15/15)
As you read the scroll labeled PUPROM OVVAQIEQ, it crumbles to dust.
You feel strangely unstable.
It was a scroll of teleportation.
The slave shouts!
Evoke which item? (* to show all) (? for menu, Esc to quit)
That's the wrong kind of item! (Use * to select it.) Evoke which item? (* to show all) (? for menu, Esc to quit)
Okay, then.
Unknown command.
Pikel hits you with a whip of flaming.
* * * LOW HITPOINT WARNING * * *
Pikel burns you.
You die...

#..# ..$.p..# #.. #.##
#pKp..# ##. #.#
#.....# #. #.# #.....#
#p #p# #.#.##<# #. #.#
#....p.########. #.#
###.##...p......
#.######.$...#########
#...p@K.p.....
#######...##.#
#.w.##.# #......# #.
#..# ..


You could see Pikel, 2 slaves and a dart slug.

Vanquished Creatures
  A leopard gecko (D:3)
  A giant cockroach (D:1)
  2 goblins (D:2)
  A hobgoblin (D:3)
  3 bats
  A frilled lizard (D:3)
  2 kobolds
  4 rats
15 creatures vanquished.

Notes
Turn   | Place    | Note
-------+----------+-------------------------------------------
     0 | D:1      | 4thArraOfDagon the Demonspawn Wanderer began the quest for the Orb.
     0 | D:1      | 4thArraOfDagon set off with: a book of Conjurations, the Volume of Augmentations, a +0 robe, a +0 club, a bread ration
     0 | D:1      | Reached XP level 1. HP: 13/13 MP: 2/2
   262 | D:2      | Reached skill level 1 in Unarmed Combat
   319 | D:2      | Gained mutation: You are partially covered in iridescent scales. (AC +2) [demonic ancestry]
   319 | D:2      | Reached XP level 2. HP: 4/19 MP: 3/3
   468 | D:4      | Noticed Pikel
   468 | D:4      | Noticed a slave
   468 | D:4      | Noticed a slave
   468 | D:4      | Noticed a slave
   468 | D:4      | Noticed a slave
   536 | D:4      | Slain by Pikel

Vault maps used:
D:1:      mrwooster_arrival_statue, minmay_misc_feat_cross
D:2:      minmay_pentomino_r2
D:3:      grunt_ministairs_15
D:4:      minmay_temple_entry_statues_pillars, serial_shops,
          nicolae_shop_overgrown_old_shop, first_bread, lightli_minifort,
          uniq_pikel

Skill      XL: |  1 |
---------------+----+-----
Unarmed Combat | 1 |  1.8
Bows           | |  2.6
Throwing       | |  1.0
Shields        | |  1.0
Spellcasting   | |  1.0
Conjurations   | |  1.0
Hexes          | |  3.0

Action                   || total
-------------------------++-------
Melee: Unarmed           ||    46
       Club              ||    10
  Use: Scroll            ||     3
       Potion            ||     2
 Stab: Sleeping          ||     1
Armor: Robe              ||    20
Dodge: Dodged            ||    47
